 Dungeon Crawl Stone Soup version 0.30-a0-1163-gf69bf04e7a (webtiles) character file.

Game seed: 11267770840976148516

105 Esekla the Sneak (level 4, 0/31 HPs)
             Began as an Octopode Delver on Apr 29, 2023.
             Was an Initiate of Gozag.
             Killed by nerve-wracking pain
             ... invoked by an orc priest
              (14 damage)
             ... on level 3 of the Dungeon.
             The game lasted 00:13:52 (2919 turns).

Esekla the Sneak (Octopode Delver)                  Turns: 2919, Time: 00:13:52

Health: 0/31       AC:  1    Str: 11    XL:     4   Next: 81%
Magic:  6/6        EV: 13    Int: 14    God:    Gozag
Gold:   500        SH:  0    Dex: 13    Spells: 6/6 levels left

rFire   . . .        o - +0 dagger (venom)
rCold   . . .        (no shield)
rNeg    . . .        (helmet restricted)
rPois   .            (no amulet)
rElec   .            (no ring)
rCorr   .            (no ring)
SInv    .            (no ring)
Will    .....        (no ring)
Stlth   ++++         (no ring)
HPRegen 0.25/turn    (no ring)
MPRegen 0.10/turn    (no ring)
                     (no ring)

%: no passive effects
@: no status effects
A: almost no armour, amphibious, 8 rings, camouflage 1, gelatinous body 1,
(nimble swimmer 1), tentacles
a: Renounce Religion, Potion Petition, Call Merchant, Bribe Branch


You were on level 3 of the Dungeon.
You worshipped Gozag.
Gozag was pleased with you.
You visited 2 branches of the dungeon, and saw 6 of its levels.

You collected 507 gold pieces.
You paid 7 gold pieces to Gozag.

Inventory:

Hand Weapons
 a - a +0 falchion
 o - a +0 dagger of venom (weapon)
 r - a +0 spear
Missiles
 g - 3 boomerangs (quivered)
Wands
 f - a wand of digging (3)
 t - a wand of roots (7)
Scrolls
 b - a scroll of fog
 h - a scroll of blinking {unknown}
 i - 5 scrolls of amnesia {unknown}
 j - 2 scrolls of teleportation {unknown}
 k - 6 scrolls of identify {unknown}
 m - a scroll of magic mapping
 q - 2 scrolls of vulnerability {unknown}
 u - a scroll of immolation {unknown}
 v - a scroll of brand weapon {unknown}
Potions
 c - 2 potions of heal wounds
 d - 2 potions of attraction {unknown}
 e - 2 potions of haste
 l - a potion of brilliance {unknown}
 n - a potion of berserk rage {unknown}
 p - 3 potions of curing {unknown}
 s - a potion of degeneration {unknown}


   Skills:
 * Level 3.3 Fighting
 + Level 0.1(1.7) Short Blades
 * Level 2.9 Long Blades
 * Level 2.4 Dodging
 + Level 7.3 Stealth
 * Level 1.5 Spellcasting
 * Level 0.4 Ice Magic


You had 6 spell levels left.
You didn't know any spells.
Your spell library contained the following spells:

 Spells                   Type           Power      Damage    Failure   Level
 Freeze                   Ice            8%         1d3       22%         1
 Sandblast                Erth           2%         2d4       26%         1
 Passwall                 Tmut/Erth      0%         N/A       36%         2
 Frozen Ramparts          Ice            4%         1d1       54%         3
 Hailstorm                Conj/Ice       1%         3d3       56%         3
 Call Canine Familiar     Summ           1%         N/A       58%         3
 Inner Flame              Hex/Fire       1%         N/A       58%         3
 Portal Projectile        Hex/Tloc       2%         N/A       58%         3
 Stone Arrow              Conj/Erth      2%         3d7       58%         3
 Flame Wave               Conj/Fire      1%         2d4       94%         4
 Leda's Liquefaction      Hex/Erth       0%         N/A       94%         4
 Sticky Flame             Conj/Fire      1%         2d3       94%         4


Dungeon Overview and Level Annotations

Branches:
Dungeon (5/15)             Temple (1/1) D:5

Altars:
Ashenzari
Cheibriados
Dithmenos
Fedhas
Gozag
Hepliaklqana
Makhleb
Nemelex Xobeh
Okawaru
Qazlal
Ru
Sif Muna
Trog
Uskayaw
Vehumet
Xom


Innate Abilities, Weirdness & Mutations

You cannot wear most types of armour.
You are amphibious.
You can wear up to eight rings at the same time.
Your skin changes colour to match your surroundings (Stealth+).
Your rubbery body absorbs attacks. (AC +1, EV +1)
((You are camouflaged when in or above water. (Stealth+)))
You have tentacles for arms and can constrict up to eight enemies at once.


Message History

There is an escape hatch in the ceiling here.
The quokka misses you.
The orc priest looks satisfied for a moment.
A mysterious force pulls you upwards. The hatch slams shut behind you.
You hit the quokka. Your grab misses the quokka.
The quokka is moderately wounded.
The quokka bites you.
You hit the quokka. You grab the quokka. You squeeze the quokka.
You kill the quokka!
You now have 500 gold pieces (gained 8).
You start resting.
HP restored.
There is a stone staircase leading down here.
You climb downwards.
There is a stone staircase leading up here.
You see here a +0 club.
The orc shouts!
You hear a shout!
The orc priest shouts!
The orc shouts!
You start waiting.
An orc priest is nearby!
The orc priest hits you with a +0 dagger.
You hit the orc priest.
The orc priest is poisoned.
You grab the orc priest.
The orc priest is lightly wounded.
You constrict the orc priest, but do no damage.
The orc priest struggles to escape constriction.
You hit the orc priest but do no damage.
The orc priest looks as sick as possible!
You squeeze the orc priest.
The orc priest is moderately wounded.
You constrict the orc priest, but do no damage.
The orc priest mumbles some strange prayers to Beogh against you.
Beogh smites you!
Ouch! That really hurt!
You hit the orc priest but do no damage.
The orc priest is moderately wounded.
You constrict the orc priest, but do no damage.
The orc priest mumbles some strange prayers to Beogh against you.
Pain shoots through your body!
You die...
Your body crumbles into a pile of gold.

#....# #...### #....## #...#..
##.....## #...... #.......####
##...#..
#####......ooo.##########....#..
#...........##..#..........#....
#.......).o.###.o.....####.#.##.
#.<.........####oo###...##......
#..............@.######.##......
#...............................
######..#........>.....#........
#....##.............##.##.#
##.[..............#.#..##.#
##.#####........#.....#...#
##).######.............#.###
##..##....##.#..#####.....#
#..##..#..###...####....###


You could see 2 orc priests and an orc.

Vanquished Creatures
  3 adders
  A worm (D:2)
  2 dart slugs
  10 orcs
  An endoplasm (D:4)
  2 giant cockroaches (D:3)
  4 goblins
  7 hobgoblins
  4 quokkas
  6 ball pythons
  6 bats
  A frilled lizard (D:1)
  6 kobolds
  4 rats (D:1)
57 creatures vanquished.

Notes
Turn   | Place    | Note
-------+----------+-------------------------------------------
     0 | D:5      | Esekla the Octopode Delver began the quest for the Orb.
     0 | D:5      | Reached XP level 1. HP: 16/16 MP: 1/1
    12 | D:5      | Noticed an ogre
    35 | D:5      | Noticed an ogre
   150 | D:5      | Found a staircase to the Ecumenical Temple.
   156 | D:5      | Noticed a scorpion
   163 | Temple   | Entered the Ecumenical Temple
   191 | Temple   | Became a worshipper of Gozag Ym Sagoz the Greedy
   292 | D:5      | Reached XP level 2. HP: 21/21 MP: 2/2
   372 | D:4      | Reached skill level 7 in Stealth
   532 | D:4      | Reached XP level 3. HP: 19/25 MP: 3/3
   793 | D:2      | Found a stormy altar of Qazlal.
   879 | D:2      | Reached skill level 1 in Spellcasting
  1144 | D:2      | Reached XP level 4. HP: 28/31 MP: 5/5
  2603 | D:3      | Found a shimmering altar of Xom.
  2919 | D:3      | Killed from afar by an orc priest

Illustrated notes

Levels and vault maps discovered:
D:1:      ebering_trefoil_3fold, layout_basic
D:2:      layout_loops_ring, basic_altar
D:3:      layout_rooms, tgw_xom, minmay_fractal_squares_diagonal_5, uniq_jessica
D:4:      layout_basic, wad_floor_pattern_untrapped, minivault_26,
          minmay_misc_feat_pillars, minmay_close_crescents, uniq_natasha
D:5:      layout_loops_corners, minmay_temple_entry_offerings
Temple:   nicolae_temple_x_marks_the_god

Skill      XL: |  1  2  3 |
---------------+----------+-----
Stealth        | 7 |  7.3
Spellcasting   | 1 |  1.5
Fighting       | |  3.3
Short Blades   | |  0.1
Long Blades    | |  2.9
Dodging        | |  2.4
Ice Magic      | |  0.4

Action                     |  1- 3 |  4- 6 || total
---------------------------+-------+-------++-------
  Melee: Falchion          |    48 |    11 ||    59
         Constrict         |    19 |    17 ||    36
         Tentacles         |    10 |     8 ||    18
         Punch             |     1 |       ||     1
         Dagger            |       |    45 ||    45
  Throw: Boomerang         |     4 |       ||     4
    Use: Scroll            |     2 |       ||     2
         Potion            |       |     1 ||     1
   Stab: Distracted        |     1 |       ||     1
         Sleeping          |     4 |    15 ||    19
 Armour: Skin              |     2 |     2 ||     4
  Dodge: Dodged            |    23 |    37 ||    60

Table legend: (Time is in decaauts)
 A = Elapsed time spent in this place.
 B = Non-inter-level travel time spent in this place.
 C = Inter-level travel time spent in this place.
 D = Time resting spent in this place.
 E = Time spent auto-exploring this place.
 F = Levels seen in this place.
 G = Mean time per level.
                   A        B        C        D        E       F      G
               +--------+--------+--------+--------+--------+-----+--------+
         Total |   2927 |   2832 |     95 |    407 |   1025 |   6 |  487.8 |
       Dungeon |   2888 |   2803 |     85 |    407 |   1025 |   5 |  577.6 |
        Temple |     38 |     28 |     10 |      0 |      0 |   1 |   38.0 |
               +--------+--------+--------+--------+--------+-----+--------+

Top non-repeatable levels by time:
     D:2: 997 daAuts
     D:1: 868 daAuts
     D:3: 455 daAuts
     D:4: 316 daAuts
     D:5: 250 daAuts
  Temple: 38 daAuts
